 Dungeon Crawl Stone Soup version 0.21.1-1-g345015f (webtiles) character file.

47 Leafsnail the Chucker (level 3, 0/28 HPs)
             Began as a Formicid Hunter on Feb 24, 2018.
             Slain by an adder (2 damage)
             ... on level 2 of the Dungeon.
             The game lasted 00:05:16 (1788 turns).

Leafsnail the Chucker (Formicid Hunter)             Turns: 1788, Time: 00:05:17

Health: 0/28       AC:  3    Str: 21    XL:     3   Next: 97%
Magic:  3/3        EV: 17    Int: 10    God:
Gold:   77         SH:  0    Dex: 11    Spells: 2/2 levels left

rFire    . . .     SeeInvis +   b - +0 short sword
rCold    . . .     Gourm    .   (no shield)
rNeg     . . .     Faith    .   k - +0 leather armour
rPois    .         Spirit   .   (helmet unavailable)
rElec    .         Reflect  .   (no cloak)
rCorr    .         Harm     .   (no gloves)
MR       .....                  (no boots)
Stlth    +.........             (no amulet)
HPRegen  0.09/turn              o - +4 ring of strength
MPRegen  0.08/turn              l - +5 ring of evasion

@: lethally poisoned (0 -> -7), flying
A: permanent stasis, dig shafts and tunnels, four strong arms, antennae 3
a: Dig, Shaft Self


You were on level 2 of the Dungeon.
You were not hungry.

You visited 1 branch of the dungeon, and saw 2 of its levels.

You collected 77 gold pieces.

Inventory:

Hand Weapons
 a - a +0 hunting sling
 b - a +0 short sword (weapon)
Missiles
 c - 6 javelins (quivered)
 i - 34 sling bullets
 j - 70 stones
Armour
 k - a +0 leather armour (worn)
Jewellery
 l - a +5 ring of evasion (right hand)
 o - a +4 ring of strength (left hand)
Scrolls
 e - 3 scrolls of remove curse {unknown}
 g - 2 scrolls of identify {unknown}
 h - a scroll of teleportation {unknown}
 n - a scroll of blinking {unknown}
 p - a scroll of amnesia {unknown}
 q - a scroll of enchant weapon {unknown}
Comestibles
 f - a ration
 r - 2 chunks of flesh


   Skills:
 - Level 2.8 Fighting
 + Level 4.7 Throwing
 - Level 2.3 Dodging
 - Level 1.2 Stealth


You had 2 spell levels left.
You didn't know any spells.

Dungeon Overview and Level Annotations

Branches:
Dungeon (2/15)

Altars:
The Shining One


Innate Abilities, Weirdness & Mutations

You cannot be hasted, slowed, berserked, paralysed or teleported.
You can dig through walls and to a lower floor.
Your four strong arms can wield two-handed weapons with a shield.
You have a pair of large antennae on your head. (SInv)


Message History

You feel sick. The adder misses you.
It was a potion of flight.
You feel very buoyant.
You fly up into the air.
* * * LOW HITPOINT WARNING * * *
You feel sick. The adder completely misses you.
You closely miss the adder.
The adder is severely wounded.
* * * LOW HITPOINT WARNING * * *
You feel sick. The adder bites you but does no damage. The adder bites you.
* * * LOW HITPOINT WARNING * * *
You barely miss the adder.
The adder is severely wounded.
* * * LOW HITPOINT WARNING * * *
You feel sick. The adder misses you.
You miss the adder.
The adder is severely wounded.
* * * LOW HITPOINT WARNING * * *
You feel sick. The adder closely misses you. The adder bites you.
You die...

.........# #.#
#. ####....##
#.#.# .# ##...#
#.#.# .# #...#
#.#.# .#
#####...####.#.#
.#
.............#.#
.#
#####...###..#.#
g#
#...##...#.##S#
#...##..#...@.#
##..##..#######
#..##..#
#......#
#.....##
#.......#
#.......#
#.>.....#
#.......#


You could see an adder and a hobgoblin.

Vanquished Creatures
  An adder (D:2)
  A dart slug (D:1)
  A leopard gecko (D:1)
  4 bats (D:1)
  2 giant cockroaches (D:1)
  7 goblins (D:1)
  3 hobgoblins
  8 kobolds
  A quokka (D:2)
  2 frilled lizards (D:1)
  2 rats (D:1)
32 creatures vanquished.

Notes
Turn   | Place    | Note
-------+----------+-------------------------------------------
     0 | D:1      | Leafsnail the Formicid Hunter began the quest for the Orb.
     0 | D:1      | Reached XP level 1. HP: 16/16 MP: 1/1
   248 | D:1      | Reached XP level 2. HP: 21/23 MP: 2/2
   571 | D:1      | Reached XP level 3. HP: 18/28 MP: 3/3
  1414 | D:2      | Found a glowing golden altar of the Shining One.
  1788 | D:2      | Slain by an adder

Skill      XL: |  1 |
---------------+----+-----
Dodging        | 2 |  2.3
Fighting       | |  2.8
Throwing       | |  4.7
Stealth        | |  1.2

Action                   || total
-------------------------++-------
Melee: Short sword       ||    86
 Fire: Hunting sling     ||    57
Throw: Stone             ||    12
       Throwing net      ||     2
  Use: Potion            ||     1
  Eat: Chunk             ||     3
Armor: Leather armour    ||    23
Dodge: Dodged            ||    68
